 Dungeon Crawl Stone Soup version 0.27-a0-965-gbf8bb431c4 (webtiles) character file.

Game seed: 18043511074443761888

32 leviel the Magician (level 3, 0/26 HPs)
             Began as a Djinni Ice Elementalist on Apr 12, 2021.
             Slain by a ball python (2 damage)
             ... on level 2 of the Dungeon.
             The game lasted 00:02:05 (2087 turns).

leviel the Magician (Djinni Ice Elementalist)       Turns: 2087, Time: 00:02:05

Health: 0/26       AC:  2    Str:  7    XL:     3   Next: 25%
Gold:   27         EV:  9    Int: 17    God:
                   SH:  0    Dex: 13

rFire    + + .     SeeInvis .   (no weapon)
rCold    x . .     Faith    .   (no shield)
rNeg     . . .     Spirit   .   a - +0 robe
rPois    ∞         Reflect  .   (no helmet)
rElec    .         Harm     .   (no cloak)
rCorr    .         Rampage  .   (no gloves)
Will     .....                  (boots unavailable)
Stlth    ++........             (no amulet)
HPRegen  0.08/turn              (no ring)
MPRegen  0.00/turn              (no ring)

@: flying, very slightly contaminated, constricted
A: fire resistance 2, cold vulnerability 1, float, innate caster, hp casting,
extra vitality 1
a: no special abilities


You were on level 2 of the Dungeon.
You visited 1 branch of the dungeon, and saw 2 of its levels.

You collected 27 gold pieces.

Inventory:

Missiles
 e - 37 stones
Armour
 a - a +0 robe (worn)
Jewellery
 g - an amulet of faith
Scrolls
 b - a scroll of enchant weapon {unknown}
 c - a scroll of summoning {unknown}
 d - a scroll of fear {unknown}
 h - a scroll of identify {unknown}
Potions
 f - a potion of flight {unknown}


   Skills:
 - Level 0.4 Fighting
 + Level 2.3 Dodging
 + Level 1.7 Stealth
 + Level 4.2 Spellcasting


You couldn't memorise any spells.
You knew the following spells:

 Your Spells              Type           Power      Damage    Failure   Level
a - Freeze                Ice            72%        1d9       2%          1
b - Frozen Ramparts       Ice            36%        1d5       8%          3
c - Ozocubu's Armour      Ice            18%        N/A       8%          3
d - Hailstorm             Conj/Ice       18%        3d6       26%         4
e - Metabolic Englaciati  Hex/Ice        9%         N/A       58%         5
f - Sandblast             Erth           36%        2d10      2%          1
Your spell library was empty.

Dungeon Overview and Level Annotations

Branches:
Dungeon (2/15)

Altars:


Innate Abilities, Weirdness & Mutations

You are immune to poison.
Your flesh is very heat resistant. (rF++)
You are vulnerable to cold. (rC-)
You float through the air rather than walking.
You learn spells naturally, not from books.
Your magical power is your life essence.
You have superior vitality. (+4 HP)


Message History

You freeze the adder.
The adder is severely wounded.
The ball python bites you. The ball python grabs you.
The ball python constricts you. The adder bites you.
You miscast Freeze.
You are very lightly contaminated with residual magic.
Nothing appears to happen.
The ball python closely misses you. The ball python constricts you.
The adder closely misses you.
You freeze the ball python.
You kill the ball python!
The adder bites you. x2
* * * LOW HITPOINT WARNING * * *
You are too injured to fight recklessly!
Casting: Freeze (safe; 2% risk of failure)
Confirm with . or Enter, or press ? or * to list all spells.
The spell is quite dangerous to cast (8% risk of failure)!
Continue anyway?
Okay, then.
Casting: Frozen Ramparts (quite dangerous; 8% risk of failure)
Confirm with . or Enter, or press ? or * to list all spells.
Aiming: Freeze (safe; 2% risk of failure)
Press: ? - help, Shift-Dir - straight line, f - adder
Aim: an adder (severely wounded)
You freeze the adder.
The adder is almost dead.
* * * LOW HITPOINT WARNING * * *
The ball python bites you.
* * * LOW HITPOINT WARNING * * *
The ball python closely misses you. The adder closely misses you.
Casting: Freeze (safe; 2% risk of failure)
Confirm with . or Enter, or press ? or * to list all spells.
Aiming: Freeze (safe; 2% risk of failure)
Press: ? - help, Shift-Dir - straight line, f/p - adder
Aim: an adder (severely wounded)
You freeze the adder.
You kill the adder!
* * * LOW HITPOINT WARNING * * *
The ball python barely misses you. The ball python grabs you.
* * * LOW HITPOINT WARNING * * *
The ball python constricts you. The ball python bites you.
You die...

##### ...# ####.####
#........ #.##.###<
##+###.#.# #.##.# #.
##..@†...# #.##.###.
##...#S..#.P##.##..##.
##....#....P###.###.##.
#.....##P#####...##.##.
+......#### #.....#.##.
#.........# ##(........
##.......## ##.###.##.
##.....## #.###.#
##...## #.##..#


You could see a ball python.

Vanquished Creatures
  An adder (D:2)
  7 ball pythons
  4 bats (D:1)
  2 endoplasms (D:1)
  A giant cockroach (D:1)
  6 goblins (D:1)
  2 hobgoblins (D:1)
  3 frilled lizards (D:1)
  3 kobolds (D:1)
  A rat (D:1)
30 creatures vanquished.

Notes
Turn   | Place    | Note
-------+----------+-------------------------------------------
     0 | D:1      | leviel the Djinni Ice Elementalist began the quest for the
                  | Orb.
     0 | D:1      | Reached XP level 1. HP: 15/15 MP: 0/0
   515 | D:1      | Reached XP level 2. HP: 19/22 MP: 0/0
   793 | D:1      | Reached skill level 4 in Spellcasting
  1442 | D:1      | Reached XP level 3. HP: 20/26 MP: 0/0
  1442 | D:1      | Learned a level 1 spell: Sandblast
  2087 | D:2      | Slain by a ball python

Illustrated notes

Levels and vault maps discovered:
D:1:      erik_arrival_cave_to_civilisation [erik_arrival_cave_to_hall],
          layout_basic
D:2:      cheibrodos_fertilizer, layout_loops_corners, minmay_shallow_snake_nest

Skill      XL: |  1  2 |
---------------+-------+-----
Spellcasting   | 4 |  4.2
Fighting       | |  0.4
Dodging        | |  2.3
Stealth        | |  1.7

Action                   || total
-------------------------++-------
Melee: Unarmed           ||     4
 Cast: Freeze            ||    43
       Sandblast         ||     4
Armor: Robe              ||     6
Dodge: Dodged            ||    33

Table legend: (Time is in decaauts)
 A = Elapsed time spent in this place.
 B = Non-inter-level travel time spent in this place.
 C = Inter-level travel time spent in this place.
 D = Time resting spent in this place.
 E = Time spent auto-exploring this place.
 F = Levels seen in this place.
 G = Mean time per level.
                   A        B        C        D        E       F      G
               +--------+--------+--------+--------+--------+-----+--------+
         Total |   2086 |   2043 |     43 |      0 |   1898 |   2 | 1043.0 |
       Dungeon |   2086 |   2043 |     43 |      0 |   1898 |   2 | 1043.0 |
               +--------+--------+--------+--------+--------+-----+--------+

Top non-repeatable levels by time:
     D:1: 2019 daAuts
     D:2: 67 daAuts
